AoeStats
← VaimX

Arabia

509684632Analyzed
1v1 RM · 6d ago on Sep 27, 2026· 26m 48s· 2 players
Game mode
Random Map
Map size
Tiny (2 player)
Population
200
Speed
Normal
Resources
Standard
Victory
Conquest
Starting age
Dark Age
Ending age
Imperial Age
RankedLock teamsTeams togetherTeam positionsShared explorationLock speedFull tech treeHidden civsTurbo modeCheats
Victory
Defeat
🇫🇷 Chinese · France
847
+14
🇪🇨 Britons · Ecuador
810
-14
Tyrion_13
8:30 Loom
10:45 Feudal Age
12:59 Wheelbarrow
14:58 Double-Bit Axe
16:04 Horse Collar
16:48 Fletching
18:58 Gold Mining
23:08 Castle Age
21:57 Padded Archer Armor
25:42 Bow Saw
26:06 Stone Mining
26:43 Crossbowman
27:31 Thumb Ring
VaimX
9:49 Feudal Age
10:15 Double-Bit Axe
11:28 Town Watch
24:01 Castle Age
Connection lost

Rejoining the realm…

Still unreachable

The connection could not be restored.

Session expired

The server has moved on; the page needs a fresh start.